AoeStats
← robain6

Fortress

510390238Analyzed
1v1 RM · 11h ago on Sep 30, 2026· 39m 57s· 2 players
Game mode
Random Map
Map size
Small (3 player)
Population
200
Speed
Normal
Resources
Standard
Victory
Conquest
Starting age
Dark Age
Ending age
Imperial Age
RankedLock teamsTeams togetherTeam positionsShared explorationLock speedFull tech treeHidden civsTurbo modeCheats
Victory
Defeat
🇯🇵 Spanish · Japan
1021
+16
🇩🇪 Celts · Germany
1014
-16
robain6
7:40 Feudal Age
11:24 Castle Age
9:27 Double-Bit Axe
10:58 Horse Collar
13:38 Bow Saw
14:07 Wheelbarrow
13:18 Loom
17:10 Heavy Plow
18:08 Fletching
21:08 Bodkin Arrow
24:22 Imperial Age
25:02 Hand Cart
24:50 Scale Mail Armor
24:29 Pikeman
25:23 Forging
27:04 Conscription
26:39 Stronghold
26:38 Halberdier
27:39 Chain Mail Armor
27:20 Onager
28:27 Ballistics
29:08 Chemistry
28:54 Iron Casting
28:50 Plate Mail Armor
30:55 Blast Furnace
30:07 Gold Mining
30:09 Stone Mining
30:08 Town Watch
33:06 Hoardings
33:29 Furor Celtica
34:04 Masonry
34:57 Chemistry
38:46 Capped Ram
nekomikoxxx
7:39 Feudal Age
8:29 Double-Bit Axe
11:39 Castle Age
11:26 Horse Collar
11:41 Gold Mining
14:34 Wheelbarrow
17:11 Husbandry
19:47 Stone Mining
26:12 Imperial Age
25:15 Stone Shaft Mining
24:50 Fletching
26:02 Hand Cart
25:54 Bodkin Arrow
26:25 Ballistics
27:34 Bloodlines
26:46 Cavalier
27:54 Elite Conquistador
30:13 Conscription
31:02 Chemistry
29:57 Murder Holes
30:12 Masonry
30:43 Fervor
31:20 Bow Saw
31:19 Scale Barding Armor
31:24 Forging
31:15 Bracer
33:53 Paladin
34:35 Padded Archer Armor
35:11 Iron Casting
34:56 Chain Barding Armor
40:29 Herbal Medicine
Connection lost

Rejoining the realm…

Still unreachable

The connection could not be restored.

Session expired

The server has moved on; the page needs a fresh start.